 Dungeon Crawl Stone Soup version 0.19-a0-805-g0a78ef0 (webtiles) character file.

2046 George the Cleaver (level 9, -1/78 HPs)
             Began as a Hill Orc Fighter on June 27, 2016.
             Was a Believer of Qazlal.
             Splashed by Joseph's acid (11 damage)
             ... on level 7 of the Dungeon.
             The game lasted 00:09:10 (5863 turns).

George the Cleaver (Hill Orc Fighter)               Turns: 5863, Time: 00:09:11

Health: -1/78      AC:  9    Str: 17    XL:     9   Next: 24%
Magic:  13/13      EV:  5    Int:  8    God:    Qazlal [**....]
Gold:   216        SH: 12    Dex:  8    Spells: 0 memorised, 8 levels left

rFire  . . .     SeeInvis +     a - +0 war axe
rCold  + . .     Gourm    .     H - +5 chain mail of Peek-a-Boo {Regen+ Str-5 Dex-2 SInv}
rNeg   . . .     Faith    .     c - +0 shield
rPois  .         Spirit   .     u - +1 hat
rElec  .         Dismiss  .     (no cloak)
rCorr  .         Reflect  .     J - +0 pair of gloves
SustAt .         Harm     .     (no boots)
MR     +....                    y - amulet of rage
Stlth  ..........               t - ring of protection from cold
                                n - ring of protection from magic

@: corroded, somewhat resistant to hostile enchantments, extremely unstealthy
A: no striking features
a: Upheaval, Renounce Religion, Evoke Berserk Rage


You were on level 7 of the Dungeon.
You worshipped Qazlal.
Qazlal was pleased with you.
You were not hungry.

You visited 2 branches of the dungeon, and saw 8 of its levels.
You also visited: Ossuary.

You collected 216 gold pieces.

Inventory:

Hand Weapons
 a - a +0 war axe (weapon)
Armour
 c - a +0 shield (worn)
 u - a +1 hat (worn)
 H - the +5 chain mail of Peek-a-Boo (worn) {Regen+ Str-5 Dex-2 SInv}
   (You found it on level 6 of the Dungeon)

   It affects your strength (-5).
   It affects your dexterity (-2).
   It lets you see invisible.
   It increases your rate of regeneration.
 J - a +0 pair of gloves (worn)
Jewellery
 n - a ring of protection from magic (left hand)
 t - a ring of protection from cold (right hand)
 y - an amulet of rage (around neck)
Wands
 l - a wand of flame (48/48)
Scrolls
 g - 4 scrolls of remove curse
 v - 2 scrolls of teleportation
 F - a scroll of magic mapping
Potions
 d - a potion of might
 i - 5 potions of curing
 p - 2 potions of magic
 q - a potion of berserk rage
 r - a potion of haste
 s - a potion of heal wounds
 x - 3 potions of flight
 C - a potion of mutation
 K - a potion of degeneration {unknown}
Comestibles
 f - 4 bread rations
 G - a meat ration
 L - a chunk of flesh


   Skills:
 + Level 6.8 Fighting
 + Level 9.3 Axes
 + Level 6.2 Armour
 + Level 6.0 Shields
 + Level 6.3 Invocations


You had 8 spell levels left.
You didn't know any spells.

Dungeon Overview and Level Annotations

Branches:
Dungeon (7/15)             Temple (1/1) D:4

Altars:
Ashenzari
Cheibriados
Dithmenos
Elyvilon
Fedhas
Hepliaklqana
Kikubaaqudgha
Makhleb
Nemelex Xobeh
Okawaru
Pakellas
Qazlal
Ru
Sif Muna
Trog
Uskayaw
Vehumet
Xom
Yredelemnul
Zin
The Shining One

Annotations:
D:7 Joseph


Message History

Joseph barely misses you.
You hit Joseph but do no damage.
Joseph is heavily wounded.
Joseph zaps a wand.
The bolt of acid hits you! The acid corrodes you!
The acid burns!
* * * LOW HITPOINT WARNING * * *
You completely miss Joseph.
Joseph is heavily wounded.
Joseph hits you but does no damage.
Evoke which item? (* to show all) (? for menu, Esc to quit)
Okay, then.
You hit Joseph.
Joseph is heavily wounded.
Joseph barely misses you.
You hit Joseph but do no damage.
Joseph is heavily wounded.
Joseph zaps a wand.
The bolt of acid hits you!
* * * LOW HITPOINT WARNING * * *
The acid burns!
You die...

## .# #.
.# ###|.
.# #....
)# #.....
.#
#.....##.#
#........#
## ###@.#
#..#.@..#
#...<#..#
#.####..#
.. #..# .
#..# #..#
#.## .#


You could see Joseph.

Vanquished Creatures
  The ghost of Ijustatesigmund the Stinger, an amateur FoVM (D:6)
  Prince Ribbit (D:5)
  A hippogriff (D:5)
  A phantom (D:4)
  2 ogres
  A centaur (D:6)
  6 scorpions (Ossuary)
  3 howler monkeys
  A giant frog zombie (D:6)
  7 centaur zombies (Ossuary)
  A hound (D:5)
  2 human zombies (Ossuary)
  An orc priest (D:6)
  2 orc wizards (D:5)
  An iguana (D:4)
  5 worker ants
  A big kobold zombie (Ossuary)
  A hound skeleton (D:6)
  3 mummies (Ossuary)
  2 scorpion zombies (Ossuary)
  8 adders
  A shadow imp (D:5)
  An ooze (D:3)
  An adder skeleton (D:4)
  7 dart slugs
  4 giant geckos
  6 orcs
  5 giant cockroaches
  A gnoll zombie (Ossuary)
  2 goblins
  6 hobgoblins
  5 jackals (D:3)
  7 kobolds
  A ball python (D:3)
  A ball python skeleton (D:4)
  4 bats
  A giant gecko skeleton (D:5)
  6 giant newts
  3 goblin zombies (Ossuary)
  A hobgoblin zombie (Ossuary)
  2 kobold zombies (Ossuary)
  A quokka zombie (D:5)
  6 rats
123 creatures vanquished.

Notes
Turn   | Place    | Note
--------------------------------------------------------------
     0 | D:1      | George the Hill Orc Fighter began the quest for the Orb.
     0 | D:1      | Reached XP level 1. HP: 19/19 MP: 1/1
    67 | D:1      | Reached skill level 3 in Axes
   133 | D:1      | Reached XP level 2. HP: 26/26 MP: 2/2
   229 | D:1      | Reached skill level 4 in Axes
   480 | D:1      | Reached XP level 3. HP: 31/31 MP: 3/3
   752 | D:2      | Reached skill level 5 in Axes
   797 | D:2      | Found a shimmering altar of Xom.
   978 | D:2      | Found a sacrificial altar of Ru.
  1209 | D:3      | Reached XP level 4. HP: 36/39 MP: 4/4
  1387 | D:3      | Reached skill level 6 in Axes
  1561 | D:3      | Reached XP level 5. HP: 44/45 MP: 5/5
  1703 | D:3      | Noticed a water elemental
  1705 | D:3      | Found a stormy altar of Qazlal.
  1707 | D:3      | Noticed a fire elemental
  1707 | D:3      | Noticed an air elemental
  1827 | D:3      | Became a worshipper of Qazlal Stormbringer
  1929 | D:4      | Reached skill level 7 in Axes
  1929 | D:4      | Reached skill level 1 in Invocations
  2197 | D:4      | Noticed a phantom
  2221 | D:4      | Killed a phantom
  2221 | D:4      | Reached XP level 6. HP: 45/52 MP: 5/7
  2275 | D:4      | Got a bound granite ring
  2332 | D:4      | Identified the ring of Iczagocs {SustAt rN+ Int+3 Slay-2 SInv} (You found it on level 4 of the Dungeon)
  2339 | D:4      | Found a burning altar of Makhleb.
  2965 | D:4      | Found a staircase to the Ecumenical Temple.
  3025 | Temple   | Entered the Ecumenical Temple
  3299 | D:5      | Entered Level 5 of the Dungeon
  3330 | D:5      | Found a sand-covered staircase.
  3349 | Ossuary  | Entered an ossuary
  3363 | Ossuary  | Reached XP level 7. HP: 56/60 MP: 9/9
  3557 | Ossuary  | Reached skill level 5 in Fighting
  3560 | Ossuary  | Reached * piety under Qazlal
  3734 | Ossuary  | Reached skill level 8 in Axes
  4046 | Ossuary  | Reached XP level 8. HP: 61/68 MP: 11/11
  4066 | Ossuary  | Reached skill level 5 in Armour
  4066 | Ossuary  | Reached skill level 5 in Shields
  4440 | D:5      | Found a radiant altar of Vehumet.
  4485 | D:5      | Noticed Prince Ribbit
  4494 | D:5      | Killed Prince Ribbit
  4494 | D:5      | Reached skill level 5 in Invocations
  4694 | D:5      | Found a snail-covered altar of Cheibriados.
  4839 | D:5      | Reached skill level 9 in Axes
  5065 | D:6      | Got a distressingly furry chain mail
  5076 | D:6      | Identified the +5 chain mail of Peek-a-Boo {Regen+ Str-5 Dex-2 SInv} (You found it on level 6 of the Dungeon)
  5308 | D:6      | Reached XP level 9. HP: 45/78 MP: 13/13
  5723 | D:6      | Noticed Ijustatesigmund's ghost (amateur FoVM)
  5735 | D:6      | Killed Ijustatesigmund's ghost
  5735 | D:6      | Reached ** piety under Qazlal
  5844 | D:7      | Noticed Joseph
  5863 | D:7      | Splashed by Joseph's acid

Vault maps used:
D:1:      minmay_arrival_widening_spiral_wide
D:2:      xom_teletrap_fun, hangedman_decor_clover_reticule,
          nicolae_ru_awakened_eye
D:3:      nicolae_qazlal_style_of_elements
D:4:      first_bread, bloody_makhleb
D:5:      minmay_thick_lines, fiery_altar_vehumet, basic_altar,
          nicolae_ossuary_entry_monument, uniq_prince_ribbit1
D:7:      nicolae_gozag_cash_rules_everything_around_me, uniq_menkaure,
          uniq_pikel, uniq_joseph
Temple:   dpeg_five_rooms_temple
Ossuary:  ossuary_minmay_scorpions

Skill      XL: |  1  2  3  4  5  6  7  8  9 |
---------------+----------------------------+-----
Axes           | 3 4 5 6 7 8 9 |  9.3
Invocations    | 2 4 5 6 |  6.3
Fighting       | 4 5 6 |  6.8
Armour         | 4 5 6 |  6.2
Shields        | 4 5 6 |  6.0

Action                   |  1- 3 |  4- 6 |  7- 9 || total
-------------------------+-------+-------+-------++-------
Melee: War axe           |    80 |   148 |   237 ||   465
  Use: Scroll            |       |     8 |    10 ||    18
  Eat: Chunk             |       |     7 |     6 ||    13
       Pizza             |       |     1 |     1 ||     2
Armor: Scale mail        |    10 |       |       ||    10
       Chain mail        |    27 |    87 |    97 ||   211
Dodge: Dodged            |    23 |    36 |    34 ||    93
Block: Shield            |    45 |    58 |   125 ||   228
